PBL
WINNIPEG GOLDEYES @ NEW JERSEY DEVILS
09/18/2044
 
TOP OF THE 1ST
Winnipeg Goldeyes batting - Pitching for New Jersey Devils : RHP Jason Jones
Pitching: RHP Jason Jones
Batting: RHB John Dew 0-0: Ball
1-0: Ball
2-0: Ball
3-0: Called Strike
3-1: Foul Ball, location: 2F
3-2: Ground out 4-3 (Groundball, 4, EV 90.6 MPH)
Batting: RHB David McClellan 0-0: Ball
1-0: SINGLE (Groundball, 6S, EV 69.4 MPH) (infield hit)
Batting: SHB Ian Thompson 0-0: Called Strike
0-1: Ball
Wild Pitch!
David McClellan to second
1-1: Foul Ball, location: 2F
1-2: Foul Ball, location: 2F
1-2: Ball
2-2: 2-RUN HOME RUN (Flyball, 7LD, EV 95.0 MPH), Distance : 341 ft
Batting: RHB Steve Raine 0-0: Called Strike
0-1: Ball
1-1: Ball
2-1: Fly out, F8 (Flyball, 8LD, EV 96.3 MPH)
Batting: RHB Willie Jimenez 0-0: Swinging Strike
0-1: Ground out 5-3 (Groundball, 56, EV 80.0 MPH)
Top of the 1st over - 2 runs, 2 hits, 0 errors, 0 left on base; Winnipeg 2 - New Jersey 0
BOTTOM OF THE 1ST
New Jersey Devils batting - Pitching for Winnipeg Goldeyes : RHP Carlos Palacios
Pitching: RHP Carlos Palacios
Batting: LHB Matt Baker 0-0: Swinging Strike
0-1: Ball
1-1: Foul Ball, location: 2F
1-2: Ground out 3-1 (Groundball, 34, EV 87.5 MPH)
Batting: RHB Larry Shoop 0-0: Ball
1-0: Swinging Strike
1-1: Ball
2-1: Called Strike
2-2: Ball
3-2: Fly out, F8 (Flyball, 8LXD, EV 86.9 MPH)
Batting: LHB Bayesa Mundhir 0-0: Ball
1-0: SOLO HOME RUN (Flyball, 89XD, EV 104.4 MPH), Distance : 414 ft
Batting: RHB Bobby Coulombe 0-0: SINGLE (Groundball, 34D, EV 100.0 MPH)
Batting: SHB Jason Caruso 0-0: Foul Ball, location: 2F
0-1: Swinging Strike
0-2: Ball
1-2: SINGLE (Line Drive, 9LS, EV 89.4 MPH)
Bobby Coulombe to second
Runner from 2nd tries for 3rd, SAFE, throw by RF made to third
Batting: RHB Chris Artz 0-0: Foul Ball, location: 2F
0-1: Ball
1-1: Ball
2-1: Ball
3-1: Foul Ball, location: 2F
3-2: Base on Balls
Jason Caruso to second
Pitching: LHP Kevin Drew
Batting: SHB Jerry Burrows 0-0: Called Strike
0-1: Foul Ball, location: 2F
0-2: Strikes out swinging
Bottom of the 1st over - 1 run, 3 hits, 0 errors, 3 left on base; Winnipeg 2 - New Jersey 1
TOP OF THE 2ND
Winnipeg Goldeyes batting - Pitching for New Jersey Devils : RHP Jason Jones
Batting: LHB Kuemon Shishido 0-0: Called Strike
0-1: Ball
1-1: Fly out, F8 (Line Drive, 8LD, EV 107.5 MPH)
Batting: LHB Brian Wagner 0-0: Foul Ball, location: 2F
0-1: Ball
1-1: Swinging Strike
1-2: Foul Ball, location: 2F
1-2: Foul Ball, location: 2F
1-2: SINGLE (Flyball, 89S, EV 101.9 MPH)
Batting: RHB Antonio Santos 0-0: Swinging Strike
0-1: Fielders Choice at 2nd, 3-6 (Groundball, 34S, EV 78.8 MPH)
Batting: RHB Ton van Dijk 0-0: Ball
1-0: SINGLE (Line Drive, 6D, EV 96.9 MPH)
Antonio Santos to second
Batting: RHB John Dew 0-0: Called Strike
0-1: Ball
1-1: Fly out, F8 (Flyball, 8LD, EV 91.3 MPH)
Top of the 2nd over - 0 runs, 2 hits, 0 errors, 2 left on base; Winnipeg 2 - New Jersey 1
BOTTOM OF THE 2ND
New Jersey Devils batting - Pitching for Winnipeg Goldeyes : LHP Kevin Drew
Batting: RHB Brian Bonin 0-0: Called Strike
0-1: Called Strike
0-2: Strikes out swinging
Batting: RHB Mike Hanks 0-0: Ball
1-0: Swinging Strike
1-1: SINGLE (Line Drive, 8LS, EV 86.9 MPH)
Batting: LHB Matt Baker 0-0: Fly out, F8 (Line Drive, 8RD, EV 93.8 MPH)
Batting: RHB Larry Shoop 0-0: Foul Ball, location: 2F
0-1: SINGLE (Flyball, 34D, EV 97.5 MPH)
Mike Hanks to second
Runner from 2nd tries for 3rd, SAFE, throw by RF made to third
Batting: LHB Bayesa Mundhir 0-0: Ball
1-0: Called Strike
1-1: Called Strike
1-2: SINGLE (Groundball, 34D, EV 101.9 MPH)
Mike Hanks scores
Larry Shoop to second
Runner from 2nd tries for 3rd, SAFE, throw by RF made to third
Batting: RHB Bobby Coulombe 0-0: SINGLE (Flyball, 7LS, EV 92.5 MPH)
Larry Shoop scores
Bayesa Mundhir to second
Batting: SHB Jason Caruso 0-0: Ball
1-0: Foul Ball, location: 2F
1-1: Ball
2-1: Swinging Strike
2-2: Ball
3-2: Base on Balls
Bayesa Mundhir to third
Bobby Coulombe to second
Pitching: LHP David Gordon
Batting: RHB Chris Artz 0-0: Called Strike
0-1: Ball
1-1: Foul Ball, location: 2F
1-2: Foul Ball, location: 2F
1-2: Strikes out swinging
Bottom of the 2nd over - 2 runs, 4 hits, 0 errors, 3 left on base; Winnipeg 2 - New Jersey 3
TOP OF THE 3RD
Winnipeg Goldeyes batting - Pitching for New Jersey Devils : RHP Jason Jones
Batting: RHB David McClellan 0-0: Swinging Strike
0-1: Ball
1-1: Called Strike
1-2: Ball
2-2: Ball
3-2: Foul Ball, location: 2F
3-2: Foul Ball, location: 2F
3-2: SINGLE (Groundball, 56D, EV 102.5 MPH)
Batting: SHB Ian Thompson 0-0: Called Strike
David McClellan is caught stealing 2nd base 2-6
0-1: Ball
1-1: Called Strike
1-2: Foul Ball, location: 2F
1-2: Foul Ball, location: 2F
1-2: Foul Ball, location: 2F
1-2: Ball
2-2: Ball
3-2: Ground out 4-3 (Groundball, 4, EV 106.9 MPH)
Batting: RHB Steve Raine 0-0: Ball
1-0: Swinging Strike
1-1: Ball
2-1: Foul Ball, location: 2F
2-2: Foul Ball, location: 2F
2-2: Fly out, F8 (Flyball, 89D, EV 96.9 MPH)
Top of the 3rd over - 0 runs, 1 hit, 0 errors, 0 left on base; Winnipeg 2 - New Jersey 3
BOTTOM OF THE 3RD
New Jersey Devils batting - Pitching for Winnipeg Goldeyes : LHP David Gordon
Batting: SHB Jerry Burrows 0-0: Called Strike
0-1: Foul Ball, location: 2F
0-2: Ball
1-2: Foul Ball, location: 2F
1-2: Ball
2-2: SOLO HOME RUN (Flyball, 7D, EV 101.9 MPH), Distance : 377 ft
Batting: RHB Brian Bonin 0-0: Ball
1-0: Foul Ball, location: 2F
1-1: Ball
2-1: Foul Ball, location: 2F
2-2: Foul Ball, location: 2F
2-2: SINGLE (Line Drive, 8LS, EV 95.6 MPH)
Batting: RHB Mike Hanks 0-0: Called Strike
0-1: Foul Ball, location: 2F
0-2: Ball
1-2: Strikes out swinging
Pitching: RHP Larry Muttart
Batting: LHB Matt Baker 0-0: Ball
1-0: Swinging Strike
1-1: Fly out, F8 (Flyball, 8RD, EV 87.5 MPH)
Batting: RHB Larry Shoop 0-0: Ball
1-0: Fielders Choice at 2nd, 6-4 (Groundball, 6MD, EV 86.3 MPH)
Bottom of the 3rd over - 1 run, 2 hits, 0 errors, 1 left on base; Winnipeg 2 - New Jersey 4
TOP OF THE 4TH
Winnipeg Goldeyes batting - Pitching for New Jersey Devils : RHP Jason Jones
Batting: RHB Willie Jimenez 0-0: Ball
1-0: Ball
2-0: Ball
3-0: Base on Balls
Batting: LHB Kuemon Shishido 0-0: Ball
1-0: Called Strike
Willie Jimenez steals 2nd base
1-1: 2-RUN HOME RUN (Line Drive, 89XD, EV 100.6 MPH), Distance : 414 ft
Batting: LHB Brian Wagner 0-0: Ball
1-0: Ground out 5-3 (Groundball, 56, EV 86.3 MPH)
Batting: RHB Antonio Santos 0-0: Called Strike
0-1: Ball
1-1: Foul Ball, location: 2F
1-2: Strikes out swinging
Batting: RHB Ton van Dijk 0-0: Called Strike
0-1: Ball
1-1: Foul Ball, location: 2F
1-2: Foul Ball, location: 2F
1-2: Foul Ball, location: 2F
1-2: Foul Ball, location: 2F
1-2: Ball
2-2: Ball
3-2: Fly out, F9 (Line Drive, 9, EV 88.8 MPH)
Top of the 4th over - 2 runs, 1 hit, 0 errors, 0 left on base; Winnipeg 4 - New Jersey 4
BOTTOM OF THE 4TH
New Jersey Devils batting - Pitching for Winnipeg Goldeyes : RHP Larry Muttart
Batting: LHB Bayesa Mundhir 0-0: Ball
1-0: Called Strike
1-1: Ball
2-1: Ball
3-1: Foul Ball, location: 2F
3-2: Base on Balls
Batting: RHB Bobby Coulombe 0-0: Called Strike
0-1: Ball
1-1: Ball
2-1: Called Strike
2-2: Foul Ball, location: 2F
2-2: 2-RUN HOME RUN (Flyball, 7D, EV 95.6 MPH), Distance : 370 ft
Batting: SHB Jason Caruso 0-0: Swinging Strike
0-1: Ball
1-1: SINGLE (Groundball, 56S, EV 66.9 MPH) (infield hit)
Pitching: RHP Tim Weller
Batting: RHB Chris Artz 0-0: Grounds into double play, 5-4-3 (Groundball, 56, EV 103.8 MPH)
Batting: SHB Jerry Burrows 0-0: Called Strike
0-1: Ball
1-1: Ball
2-1: SINGLE (Flyball, 7LS, EV 93.1 MPH)
Batting: RHB Brian Bonin 0-0: Called Strike
0-1: Ball
1-1: Ball
2-1: Ball
3-1: Base on Balls
Jerry Burrows to second
Batting: RHB Mike Hanks 0-0: Called Strike
0-1: Swinging Strike
0-2: Ball
1-2: Fly out, F3 (Popup, 3L, EV 66.9 MPH)
Bottom of the 4th over - 2 runs, 3 hits, 0 errors, 2 left on base; Winnipeg 4 - New Jersey 6
TOP OF THE 5TH
Winnipeg Goldeyes batting - Pitching for New Jersey Devils : RHP Jason Jones
Batting: RHB John Dew 0-0: Ball
1-0: Fly out, F5 (Popup, 6S, EV 67.5 MPH)
Batting: RHB David McClellan 0-0: Swinging Strike
0-1: Called Strike
0-2: Strikes out looking
Batting: SHB Ian Thompson 0-0: Foul Ball, location: 2F
0-1: Ball
1-1: Swinging Strike
1-2: Strikes out swinging
Top of the 5th over - 0 runs, 0 hits, 0 errors, 0 left on base; Winnipeg 4 - New Jersey 6
BOTTOM OF THE 5TH
New Jersey Devils batting - Pitching for Winnipeg Goldeyes : RHP Tim Weller
Batting: LHB Matt Baker 0-0: Called Strike
0-1: Ball
1-1: Ball
2-1: Fly out, F8 (Flyball, 8LM, EV 95.6 MPH)
Pitching: RHP Scot Abbott
Batting: RHB Larry Shoop 0-0: Ball
1-0: Foul Ball, location: 2F
1-1: Ball
2-1: Fly out, F9 (Line Drive, 9, EV 96.3 MPH)
Batting: LHB Bayesa Mundhir 0-0: Ball
1-0: Fly out, F9 (Flyball, 89M, EV 97.5 MPH)
Bottom of the 5th over - 0 runs, 0 hits, 0 errors, 0 left on base; Winnipeg 4 - New Jersey 6
TOP OF THE 6TH
Winnipeg Goldeyes batting - Pitching for New Jersey Devils : RHP Jason Jones
Batting: RHB Steve Raine 0-0: Ball
1-0: Ball
2-0: Ball
3-0: Called Strike
3-1: Base on Balls
Batting: RHB Willie Jimenez 0-0: Fielders Choice at 2nd, 1-4 (Groundball, 25, EV 72.5 MPH)
Batting: LHB Kuemon Shishido 0-0: Called Strike
0-1: Ball
1-1: Ball
2-1: Foul Ball, location: 2F
2-2: Ball
3-2: Foul Ball, location: 2F
3-2: Ground out 4-3 (Groundball, 4MD, EV 76.3 MPH)
Willie Jimenez to second
Batting: LHB Brian Wagner 0-0: Ground out U3 (Groundball, 3L, EV 85.0 MPH)
Top of the 6th over - 0 runs, 0 hits, 0 errors, 1 left on base; Winnipeg 4 - New Jersey 6
BOTTOM OF THE 6TH
New Jersey Devils batting - Pitching for Winnipeg Goldeyes : RHP Scot Abbott
Batting: RHB Bobby Coulombe 0-0: Swinging Strike
0-1: Ball
1-1: Called Strike
1-2: Foul Ball, location: 2F
1-2: Strikes out swinging
Batting: SHB Jason Caruso 0-0: Called Strike
0-1: Foul Ball, location: 2F
0-2: Fly out, F8 (Flyball, 8RXD, EV 96.3 MPH)
Batting: RHB Chris Artz 0-0: DOUBLE (Line Drive, 89M, EV 100.6 MPH)
Batting: SHB Jerry Burrows 0-0: Ball
1-0: Fly out, F9 (Flyball, 9LD, EV 95.0 MPH)
Bottom of the 6th over - 0 runs, 1 hit, 0 errors, 1 left on base; Winnipeg 4 - New Jersey 6
TOP OF THE 7TH
Winnipeg Goldeyes batting - Pitching for New Jersey Devils : RHP Jason Jones
Batting: RHB Antonio Santos 0-0: Swinging Strike
0-1: Ground out 4-3 (Groundball, 4M, EV 98.1 MPH)
Pitching: LHP Dan Bremseth
Batting: RHB Ton van Dijk 0-0: Ball
1-0: Ground out 6-3 (Groundball, 6, EV 85.0 MPH)
Batting: RHB John Dew 0-0: Ball
1-0: Ball
2-0: Swinging Strike
2-1: Fly out, F8 (Flyball, 78D, EV 100.0 MPH)
Top of the 7th over - 0 runs, 0 hits, 0 errors, 0 left on base; Winnipeg 4 - New Jersey 6
BOTTOM OF THE 7TH
New Jersey Devils batting - Pitching for Winnipeg Goldeyes : RHP Scot Abbott
Pitching: RHP Tom Winsor
Batting: RHB Brian Bonin 0-0: Ball
1-0: Called Strike
1-1: Swinging Strike
1-2: Ball
2-2: Strikes out swinging
Batting: RHB Mike Hanks 0-0: Called Strike
0-1: Ball
1-1: Ground out 4-3 (Groundball, 4, EV 101.3 MPH)
Batting: LHB Matt Baker 0-0: Called Strike
0-1: Ball
1-1: Fly out, F8 (Flyball, 8LD, EV 100.0 MPH)
Bottom of the 7th over - 0 runs, 0 hits, 0 errors, 0 left on base; Winnipeg 4 - New Jersey 6
TOP OF THE 8TH
Winnipeg Goldeyes batting - Pitching for New Jersey Devils : LHP Dan Bremseth
Batting: RHB David McClellan 0-0: DOUBLE (Groundball, 5L, EV 97.5 MPH)
Batting: SHB Ian Thompson 0-0: Ball
1-0: Ball
2-0: Ball
3-0: Base on Balls
Batting: RHB Steve Raine 0-0: Ball
1-0: Ball
2-0: Called Strike
2-1: Ball
3-1: Called Strike
3-2: Foul Ball, location: 2F
3-2: Strikes out swinging
Batting: RHB Willie Jimenez 0-0: SINGLE (Line Drive, 8LS, EV 100.6 MPH)
David McClellan to third
Ian Thompson to second
Batting: LHB Kuemon Shishido 0-0: Foul Ball, location: 2F
0-1: Foul Ball, location: 2F
0-2: Strikes out swinging
Pinch Hitting: RHB Alexandre Garcia 0-0: Ball
1-0: Ball
2-0: Ball
3-0: Base on Balls
David McClellan scores
Ian Thompson to third
Willie Jimenez to second
Batting: RHB Antonio Santos 0-0: Ball
1-0: Called Strike
1-1: Fly out, F7 (Flyball, 7S, EV 89.4 MPH)
Top of the 8th over - 1 run, 2 hits, 0 errors, 3 left on base; Winnipeg 5 - New Jersey 6
BOTTOM OF THE 8TH
New Jersey Devils batting - Pitching for Winnipeg Goldeyes : RHP Tom Winsor
Now at C: Ricky Pizarro
Batting: RHB Larry Shoop 0-0: Ball
1-0: Ball
2-0: Ball
3-0: Called Strike
3-1: Foul Ball, location: 2F
3-2: Base on Balls
Batting: LHB Bayesa Mundhir 0-0: Ball
1-0: Called Strike
1-1: DOUBLE (Groundball, 3L, EV 103.1 MPH)
Larry Shoop to third
Batting: RHB Bobby Coulombe 0-0: 3-RUN HOME RUN (Flyball, 7D, EV 97.5 MPH), Distance : 373 ft
Batting: SHB Jason Caruso 0-0: Foul Ball, location: 2F
0-1: Ball
1-1: Foul Ball, location: 2F
1-2: Ball
2-2: Ball
3-2: Base on Balls
Batting: RHB Chris Artz 0-0: Ball
Jason Caruso steals 2nd base
1-0: Called Strike
1-1: Ball
2-1: Foul Ball, location: 2F
2-2: Foul Ball, location: 2F
2-2: SINGLE (Flyball, 8LS, EV 94.4 MPH)
Jason Caruso to third
Runner from 3rd tries for Home, throw by CF and OUT! 8-2
Chris Artz to second
Batting: SHB Jerry Burrows 0-0: Called Strike
0-1: Ball
1-1: Foul Ball, location: 2F
1-2: SINGLE (Flyball, 6D, EV 92.5 MPH)
Chris Artz to third
Batting: RHB Brian Bonin 0-0: Called Strike
0-1: Ball
1-1: Ball
2-1: Ball
3-1: Foul Ball, location: 2F
3-2: Foul Ball, location: 2F
3-2: Foul Ball, location: 2F
3-2: Base on Balls
Jerry Burrows to second
Batting: RHB Mike Hanks 0-0: Ball
1-0: Foul Ball, location: 2F
1-1: Grounds into double play, 6-4-3 (Groundball, 6, EV 84.4 MPH)
Bottom of the 8th over - 3 runs, 4 hits, 0 errors, 2 left on base; Winnipeg 5 - New Jersey 9
TOP OF THE 9TH
Winnipeg Goldeyes batting - Pitching for New Jersey Devils : LHP Dan Bremseth
Pitching: RHP Jose Lara
Batting: RHB Ton van Dijk 0-0: Called Strike
0-1: Foul Ball, location: 2F
0-2: Ball
1-2: Ball
2-2: Foul Ball, location: 2F
2-2: Ground out 6-3 (Groundball, 6, EV 85.0 MPH)
Batting: RHB John Dew 0-0: Called Strike
0-1: Ball
1-1: Swinging Strike
1-2: Strikes out looking
Batting: RHB David McClellan 0-0: Ball
1-0: Fly out, F8 (Flyball, 8LS, EV 96.9 MPH)
Top of the 9th over - 0 runs, 0 hits, 0 errors, 0 left on base; Winnipeg 5 - New Jersey 9
Thursday, March 31st , 2022 - OOTP Baseball 22.12 Build 89